 Dungeon Crawl Stone Soup version 0.28-a0-1395-g4f6bc678fa (webtiles) character file.

Game seed: 7810423256682538222

2042 ryw the Skirmisher (level 9, -13/72 HPs)
             Began as a Demonspawn Monk on Jan 4, 2022.
             Was an Initiate of Yredelemnul.
             Killed from afar by a centaur (44 damage)
             ... with a bolt of acid
             ... on level 7 of the Dungeon.
             The game lasted 00:13:41 (5875 turns).

ryw the Skirmisher (Demonspawn Monk)                Turns: 5875, Time: 00:13:41

Health: -13/72     AC:  7    Str: 12    XL:     9   Next: 4%
Magic:  13/13      EV: 18    Int: 16    God:    Yredelemnul [......]
Gold:   292        SH:  0    Dex: 15    Spells: 14/14 levels left

rFire   . . .      SeeInvis .   o - +8 trident of the Octopus King {venom, rElec rPois}
rCold   . . .      Faith    .   (no shield)
rNeg    + . .      Spirit   .   a - +1 robe
rPois   +          Reflect  .   r - +1 helmet
rElec   +          Harm     .   (no cloak)
rCorr   .          Rampage  .   h - +2 pair of gloves
Will    .....                   (no boots)
Stlth   ++........              (no amulet)
HPRegen 0.22/turn               d - +4 ring of evasion
MPRegen 0.26/turn               f - ring of positive energy

@: corroded
A: molten scales 2, magic regeneration, demonic touch 2
a: Renounce Religion, Recall Undead Harvest


You were on level 7 of the Dungeon.
You worshipped Yredelemnul.
Yredelemnul was noncommittal.
You visited 2 branches of the dungeon, and saw 8 of its levels.

You collected 292 gold pieces.

Inventory:

Hand Weapons
 o - the +8 trident of the Octopus King (weapon) {venom, rElec rPois}
   (You found it on level 2 of the Dungeon)

   It poisons the flesh of those it strikes.
   rElec:     It insulates you from electricity.
   rPois:     It protects you from poison.
 x - a +4 falchion of freezing
Armour
 a - a +1 robe (worn)
 h - a +2 pair of gloves (worn)
 r - a +1 helmet (worn)
Jewellery
 d - a +4 ring of evasion (left hand)
 f - a ring of positive energy (right hand)
 p - a ring of flight
 A - a ring of resist corrosion
 C - the amulet of Beogh's Outrage {RegenMP Will+ Regen+ Slay-6}
   (You found it on level 6 of the Dungeon)

   [amulet of magic regeneration]

   It increases your rate of magic regeneration.
   Slay:      It affects your accuracy & damage with ranged weapons and melee
   (-6).
   Regen:     It increases your rate of health regeneration.
   Will:      It increases your willpower.
Wands
 q - a wand of flame (5)
 D - a wand of iceblast (2)
Scrolls
 g - 2 scrolls of fog
 i - a scroll of fear
 s - 2 scrolls of summoning
 t - 2 scrolls of teleportation {unknown}
 v - a scroll of blinking {unknown}
 y - 2 scrolls of enchant weapon {unknown}
 B - a scroll of amnesia {unknown}
Potions
 k - a potion of brilliance {unknown}
 l - 4 potions of curing
 u - a potion of cancellation {unknown}
 w - a potion of attraction
 z - a potion of lignification {unknown}
 E - a potion of magic
 F - a potion of haste


   Skills:
 + Level 7.0 Fighting
 * Level 5.9 Polearms
 + Level 3.9 Armour
 + Level 5.1 Dodging
 - Level 1.7 Stealth
 - Level 2.6 Unarmed Combat
 - Level 3.0 Spellcasting


You had 14 spell levels left.
You didn't know any spells.
Your spell library contained the following spells:

 Spells                   Type           Power      Damage    Failure   Level
 Frozen Ramparts          Ice            4%         1d2       50%         3
 Ice Form                 Ice/Tmut       2%         N/A       88%         4
 Summon Ice Beast         Ice/Summ       2%         N/A       88%         4


Dungeon Overview and Level Annotations

Branches:
Dungeon (7/15)             Temple (1/1) D:4

Altars:
Ashenzari
Cheibriados
Dithmenos
Elyvilon
Fedhas
Gozag
Hepliaklqana
Kikubaaqudgha
Nemelex Xobeh
Okawaru
Qazlal
Ru
Sif Muna
Trog
Vehumet
Wu Jian
Xom
Yredelemnul
Zin

Shops:
D:2 (   D:6 (


Innate Abilities, Weirdness & Mutations

You are mostly covered in molten scales. (AC +3)
You regenerate magic rapidly.
Your touch may inflict irresistible damage on your foes.


Message History

The ice beast is moderately wounded.
You puncture the ice beast!
The ice beast looks as sick as possible!
The ice beast is severely wounded.
The ice beast hits you but does no damage.
You puncture the ice beast!
You touch the ice beast.
You kill the ice beast!
A black mist starts to gather...
Your Fighting skill increases to level 7!
You have reached level 9!
Your experience leads to an increase in your attributes!
Increase (S)trength, (I)ntelligence, or (D)exterity?
You feel clever. x2
Okay, then.
Unknown command.
The centaur shouts!
You hear a shout!
The centaur wields a +0 shortbow.
The centaur shoots an arrow.
The arrow hits you.
The centaur shoots an arrow.
The arrow hits you.
A scorpion comes into view.
The centaur shoots an arrow.
The arrow completely misses you. The arrow hits your spectral ice beast.
The centaur zaps a wand.
The bolt of acid hits you!
The centaur shoots an arrow.
The arrow hits you.
An orc comes into view. It is wielding a +0 flail.
The centaur shoots an arrow.
The arrow barely misses you. The arrow hits your spectral ice beast.
You reach to attack!
You puncture the centaur!
The centaur is poisoned.
The centaur is moderately wounded.
The centaur zaps a wand.
The bolt of acid hits you!!!
Ouch! That really hurt!
* * * LOW HITPOINT WARNING * * *
The acid corrodes you!
The bolt of acid hits your spectral ice beast!!!
The acid corrodes your spectral ice beast!
Your spectral ice beast is destroyed!
You feel much better.
The centaur zaps a wand.
The bolt of acid hits you!!!
Ouch! That really hurt!
You die...
Your body rises from the dead as a mindless zombie.

#..########
#..........
#.#########
##.## #...#
###...###
##.......#
#........####
#....@..s.o..
#.##....#####
... #.c...#
... ......#
#. #####..#
.## .# ..


You could see a centaur (very poisoned), a scorpion and an orc.

Vanquished Creatures
  Grinder (D:4)
  A black bear (D:5)
  An ice beast (D:7)
  A sky beast (D:4)
  2 ogres (D:5)
  2 phantoms
  A bullfrog (D:7)
  A scorpion (D:5)
  2 water moccasin skeletons
  A water moccasin zombie (D:5)
  2 hounds
  2 orc priests
  2 jellies
  A bullfrog skeleton (D:6)
  A centaur skeleton (D:6)
  3 iguanas
  An orc wizard (D:5)
  A hound skeleton (D:4)
  Robin (D:4)
  7 adders
  A gnoll (D:1)
  2 white imps
  An adder skeleton (D:4)
  A dart slug (D:4)
  8 orcs
  3 bats
  12 endoplasms
  4 giant cockroaches
  20 goblins
  8 hobgoblins
  8 jackals
  A quokka (D:4)
  9 ball pythons
  7 frilled lizards
  10 kobolds
  6 rats
135 creatures vanquished.

Vanquished Creatures (collateral kills)
  The ghost of gameguard the Skirmisher, a novice DsWn of Makhleb (D:6)
1 creature vanquished.

Vanquished Creatures (others)
  A spectral ice beast (D:7)
  A spectral jelly (D:5)
  A jackal zombie (D:5)
  An orc zombie (D:5)
4 creatures vanquished.

Grand Total: 140 creatures vanquished

Notes
Turn   | Place    | Note
-------+----------+-------------------------------------------
     0 | D:1      | ryw the Demonspawn Monk began the quest for the Orb.
     0 | D:1      | Reached XP level 1. HP: 18/18 MP: 1/1
   242 | D:1      | Gained mutation: You are partially covered in molten
                  | scales. (AC +2) [demonic ancestry]
   242 | D:1      | Reached XP level 2. HP: 19/24 MP: 2/2
   415 | D:1      | Reached skill level 4 in Fighting
   489 | D:1      | Gained mutation: Your touch may inflict minor irresistible
                  | damage on your foes. [demonic ancestry]
   489 | D:1      | Reached XP level 3. HP: 27/30 MP: 3/3
  1085 | D:2      | Found a faded altar of an unknown god.
  1235 | D:2      | Reached XP level 4. HP: 38/38 MP: 4/4
  1253 | D:2      | Found Tineill's Antique Weapon Boutique.
  1373 | D:2      | Reached skill level 5 in Fighting
  1723 | D:2      | Found the +8 trident of the Octopus King {venom, rElec
                  | rPois}
  2281 | D:3      | Reached skill level 1 in Polearms
  2473 | D:4      | Found a shimmering altar of Xom.
  2479 | D:4      | Reached XP level 5. HP: 44/44 MP: 5/5
  2489 | D:4      | Reached skill level 1 in Armour
  2503 | D:4      | Noticed Robin
  2508 | D:4      | Noticed a phantom
  2738 | D:3      | Killed a phantom
  2739 | D:3      | Gained mutation: You regenerate magic rapidly. [demonic
                  | ancestry]
  2739 | D:3      | Reached XP level 6. HP: 34/51 MP: 6/6
  2893 | D:4      | Killed Robin
  3003 | D:4      | Noticed Grinder
  3007 | D:4      | Paralysed by Grinder for 2 turns
  3019 | D:4      | Killed Grinder
  3020 | D:4      | Reached skill level 1 in Spellcasting
  3104 | D:4      | Gained mutation: You are mostly covered in molten scales.
                  | (AC +3) [demonic ancestry]
  3104 | D:4      | Reached XP level 7. HP: 57/57 MP: 8/8
  3203 | D:4      | Found a staircase to the Ecumenical Temple.
  3392 | Temple   | Entered the Ecumenical Temple
  3568 | Temple   | Became a worshipper of Yredelemnul the Dark
  3568 | Temple   | Reached * piety under Yredelemnul
  3568 | Temple   | Reached ** piety under Yredelemnul
  3697 | D:4      | You fall into a shaft and drop 3 floors!
  3827 | D:6      | Reached skill level 6 in Fighting
  3958 | D:6      | Found a runed translucent door.
  3965 | D:6      | Noticed gameguard's ghost (novice DsWn)
  3972 | D:5      | Entered Level 5 of the Dungeon
  4110 | D:4      | Gained mutation: Your touch may inflict irresistible damage
                  | on your foes. [demonic ancestry]
  4110 | D:4      | Reached XP level 8. HP: 59/64 MP: 11/11
  4927 | D:5      | Reached skill level 5 in Polearms
  4969 | D:6      | Found Jiowkin's Weapon Shoppe.
  5064 | D:6      | Identified the amulet of Beogh's Outrage {RegenMP Will+
                  | Regen+ Slay-6}
  5781 | D:6      | Killed gameguard's ghost
  5782 | D:6      | Reached skill level 5 in Dodging
  5862 | D:7      | Reached skill level 7 in Fighting
  5862 | D:7      | Reached XP level 9. HP: 72/72 MP: 13/13
  5875 | D:7      | Killed from afar by a centaur

Illustrated notes

Levels and vault maps discovered:
D:1:      minmay_arrival_three_doors, layout_rooms
D:2:      layout_loops_ring, serial_shops, shop,
          hellmonk_ecumenical_altar_dog_temple, grunt_ministairs_14,
          kennysheep_generic_room_4
D:3:      layout_basic
D:4:      layout_basic, xom_confusion_cloud, minmay_temple_entry_proselytizer,
          hangedman_abyss_or_decor_lesser_grid, feat_on_display, uniq_robin,
          uniq_grinder
D:5:      layout_loops_corners, minmay_fractal_squares_5
D:6:      layout_loops_corners, ebering_ghost_reflecting_pool, serial_shops,
          nicolae_inconvenience_store
D:7:      layout_loops_ring, serial_glass, glass_columns_a, glass_columns_c,
          minmay_misc_feat_room
Temple:   mainiacjoe_temple_starburst

Skill      XL: |  1  2  3  4  5  6  7  8 |
---------------+-------------------------+-----
Fighting       | 4 5 6 7 |  7.0
Polearms       | 1 2 3 4 5 |  5.9
Armour         | 1 2 3 |  3.9
Dodging        | 3 4 5 |  5.1
Spellcasting   | 1 2 3 |  3.0
Stealth        | |  1.7
Unarmed Combat | |  2.6

Action                   |  1- 3 |  4- 6 |  7- 9 || total
-------------------------+-------+-------+-------++-------
Melee: Dagger            |   100 |    22 |       ||   122
       Unarmed           |    11 |       |       ||    11
       Touch             |     7 |    12 |    23 ||    42
       Trident           |       |    96 |   120 ||   216
       Punch             |       |       |     1 ||     1
  Use: Scroll            |     5 |       |     9 ||    14
       Potion            |       |       |     2 ||     2
 Stab: Sleeping          |     2 |     9 |     2 ||    13
       Distracted        |       |     1 |     1 ||     2
Armor: Robe              |    23 |    40 |    29 ||    92
Dodge: Dodged            |    55 |    46 |    62 ||   163

Table legend: (Time is in decaauts)
 A = Elapsed time spent in this place.
 B = Non-inter-level travel time spent in this place.
 C = Inter-level travel time spent in this place.
 D = Time resting spent in this place.
 E = Time spent auto-exploring this place.
 F = Levels seen in this place.
 G = Mean time per level.
                   A        B        C        D        E       F      G
               +--------+--------+--------+--------+--------+-----+--------+
         Total |   5908 |   5606 |    302 |    195 |   4394 |   8 |  738.5 |
       Dungeon |   5676 |   5428 |    248 |    195 |   4225 |   7 |  810.9 |
        Temple |    231 |    177 |     54 |      0 |    169 |   1 |  231.0 |
               +--------+--------+--------+--------+--------+-----+--------+

Top non-repeatable levels by time:
     D:6: 1047 daAuts
     D:1: 1006 daAuts
     D:5: 923 daAuts
     D:2: 918 daAuts
     D:4: 854 daAuts
     D:3: 779 daAuts
  Temple: 231 daAuts
     D:7: 147 daAuts
